 Dungeon Crawl Stone Soup version 0.25.1-8-g42b30a86e7 (webtiles) character file.

Game seed: 15065737860196185204

1544 hawla the Thaumaturge (level 8, -16/54 HPs)
             Began as a Mummy Necromancer on Dec 16, 2020.
             Demolished by an orc warrior
             ... wielding a +0 halberd
              (21 damage)
             ... on level 7 of the Dungeon.
             The game lasted 00:31:33 (8388 turns).

hawla the Thaumaturge (Mummy Necromancer)           Turns: 8388, Time: 00:31:34

Health: -16/54     AC:  4    Str: 12    XL:     8   Next: 56%
Magic:  28/31      EV: 12    Int: 16    God:
Gold:   253        SH:  0    Dex: 12    Spells: 13/27 levels left

rFire    x . .     SeeInvis .   n - +10 trident "Ipsorgh" {vorpal, rC+}
rCold    + + .     Gourm    .   (no shield)
rNeg     + + +     Faith    .   a - +0 robe
rPois    ∞         Spirit   .   (no helmet)
rElec    .         Reflect  .   k - +0 cloak {rCorr}
rCorr    +         Harm     .   (no gloves)
MR       +....                  e - +0 pair of boots (curse)
Stlth    ++........             i - amulet of magic regeneration
HPRegen  0.18/turn              c - ring of magical power
MPRegen  0.47/turn              (no ring)

@: no status effects
A: no food or potions, fire vulnerability, cold resistance 1, negative energy
resistance 3, torment resistance, unbreathing
a: no special abilities


You were on level 7 of the Dungeon.
You were not hungry.

You visited 1 branch of the dungeon, and saw 7 of its levels.

You collected 253 gold pieces.

Inventory:

Hand Weapons
 n - the +10 trident "Ipsorgh" (weapon) {vorpal, rC+}
   (You found it on level 6 of the Dungeon)

   It inflicts extra damage upon your enemies.
   It protects you from cold.
Missiles
 d - 35 poisoned darts (quivered)
 h - 2 boomerangs
 j - 15 datura-tipped darts
Armour
 a - a +0 robe (worn)
 e - a cursed +0 pair of boots (worn)
 k - a +0 cloak of preservation (worn)
 o - the +3 pair of boots "Mumionud" {rF- MR+ Str+2, unknown}
   (You found it on level 5 of the Dungeon)

   It affects your strength (+2).
   It makes you vulnerable to fire.
   It affects your resistance to hostile enchantments.
Jewellery
 c - a ring of magical power (left hand)
 i - an amulet of magic regeneration (around neck)
Wands
 g - a wand of flame (46)
 l - a wand of polymorph (11)
Scrolls
 b - 4 scrolls of identify
 f - a scroll of teleportation
 m - a scroll of immolation
 p - a scroll of amnesia
 q - a scroll of fear
 r - a scroll of brand weapon


   Skills:
 - Level 1.0 Fighting
 - Level 2.0 Dodging
 - Level 2.0 Stealth
 + Level 10.0 Spellcasting
 + Level 7.8 Necromancy


You had 13 spell levels left.
You knew the following spells:

 Your Spells              Type           Power        Failure   Level  Hunger
a - Pain                  Necr           ####         1%          1    N/A
b - Animate Skeleton      Necr           N/A          1%          1    N/A
c - Vampiric Draining     Necr           ####......   1%          3    N/A
d - Animate Dead          Necr           N/A          3%          4    N/A
e - Agony                 Necr           ####....     10%         5    N/A

Your spell library contained the following spells:

 Spells                   Type           Power        Failure   Level  Hunger


Dungeon Overview and Level Annotations

Branches:
Dungeon (7/15)
 Temple: D:4-7

Altars:

Annotations:
D:1 Lizzards behind a fence
D:4 3 runed translucent doors, wyoknott's ghost, novice HOFi


Innate Abilities, Weirdness & Mutations

You do not eat or drink.
Your flesh is vulnerable to fire.
You are immune to poison.
Your flesh is cold resistant. (rC+)
You are immune to negative energy. (rN+++)
You are immune to unholy pain and torment.
You can survive without breathing.


Message History

The orc hits your orc zombie with a +0 dagger.
Your orc zombie barely misses the orc.
The orc warrior closely misses you.
Casting: Pain (safe; 1% risk of failure)
Confirm with . or Enter, or press ? or * to list all spells.
Aiming: Pain (safe; 1% risk of failure)
Press: ? - help, Shift-Dir - straight line, f/p - orc warrior
Aim: an orc warrior, wielding a +0 halberd and wearing a +0 chain mail (severely wounded, chance to defeat MR: 84%)
The orc warrior writhes in agony.
The orc hits your orc zombie with a +0 dagger.
Your orc zombie is destroyed!
The orc warrior hits you from afar with a +0 halberd!
* * * LOW HITPOINT WARNING * * *
You can't drink.
Attack whom?
Press: ? - help, Dir - move target cursor, f/p - orc warrior
Aim: an orc warrior, wielding a +0 halberd and wearing a +0 chain mail (almost dead)
You reach to attack!
You hit the orc warrior.
The orc warrior is almost dead.
The orc warrior hits you from afar with a +0 halberd!!
You die...

.# #####+##
..#
#......#...#
#......#...
#....^.'..
#......#
#......#
#.@.o..#
##'##o......
#..#.......
#..#.......
#..#.[.....
#..#.......
#..#.......
##'#.......
#..######


You could see an orc warrior and an orc.

Vanquished Creatures
  Eustachio (D:6)
  A hungry ghost (D:6)
  A sky beast (D:5)
  A black bear (D:6)
  4 ogres
  A centaur (D:6)
  A bullfrog (D:5)
  A howler monkey (D:5)
  A bullfrog zombie (D:6)
  2 crimson imps
  A hound (D:6)
  3 orc wizards
  7 worker ants
  A hound skeleton (D:6)
  A worker ant zombie (D:5)
  6 adders
  2 adder zombies (D:6)
  3 worms
  2 dart slugs (D:1)
  11 leopard geckos
  10 orcs
  5 giant cockroaches
  6 goblins (D:1)
  6 hobgoblins
  2 jackals (D:2)
  10 kobolds
  3 quokkas
  9 bats
  4 frilled lizards
  2 jackal skeletons
  A quokka skeleton (D:4)
  7 rats
116 creatures vanquished.

Vanquished Creatures (collateral kills)
  A crimson imp (D:5)
  A bullfrog zombie (D:6)
  2 oozes
  2 worms
  2 leopard geckos
  2 orcs
  A ball python (D:2)
  2 giant cockroaches
  A jackal (D:2)
  3 kobolds
  A bat (D:3)
  A leopard gecko skeleton (D:5)
  2 rats
21 creatures vanquished.

Vanquished Creatures (others)
  A plant (D:1)
1 creature vanquished.

Grand Total: 138 creatures vanquished

Notes
Turn   | Place    | Note
-------+----------+-------------------------------------------
     0 | D:1      | hawla the Mummy Necromancer began the quest for the Orb.
     0 | D:1      | Reached XP level 1. HP: 13/13 MP: 4/4
    29 | D:1      | Reached skill level 3 in Spellcasting
    33 | D:1      | Learned a level 1 spell: Animate Skeleton
   299 | D:1      | Reached XP level 2. HP: 19/19 MP: 0/6
   429 | D:1      | You fall into a shaft and drop 1 floor!
   514 | D:2      | Reached skill level 4 in Spellcasting
   840 | D:1      | Reached XP level 3. HP: 24/24 MP: 8/8
  1381 | D:1      | Reached skill level 5 in Spellcasting
  1573 | D:2      | Reached XP level 4. HP: 24/31 MP: 11/11
  2317 | D:2      | Learned a level 3 spell: Vampiric Draining
  2322 | D:2      | Learned a level 4 spell: Animate Dead
  3187 | D:3      | Reached skill level 6 in Spellcasting
  3671 | D:3      | Reached XP level 5. HP: 36/36 MP: 13/13
  3847 | D:3      | Reached skill level 1 in Fighting
  4266 | D:4      | Found a runed translucent gate.
  4266 | D:4      | Found a runed translucent gate.
  4267 | D:4      | Found a runed translucent gate.
  4268 | D:4      | Noticed wyoknott's ghost (novice HOFi)
  4399 | D:4      | Learned a level 5 spell: Agony
  4494 | D:4      | Noticed an ogre
  4523 | D:4      | Killed an ogre
  4523 | D:4      | Reached XP level 6. HP: 17/43 MP: 3/15
  5210 | D:5      | Entered Level 5 of the Dungeon
  5223 | D:5      | Reached skill level 7 in Spellcasting
  5223 | D:5      | Reached skill level 5 in Necromancy
  5508 | D:5      | Reached XP level 7. HP: 37/48 MP: 18/18
  5716 | D:5      | Got a pair of translucent boots
  6130 | D:6      | Noticed Eustachio
  6165 | D:6      | Reached skill level 8 in Spellcasting
  6553 | D:6      | Got an encrusted trident
  6554 | D:6      | Identified the +10 trident "Ipsorgh" {vorpal, rC+} (You
                  | found it on level 6 of the Dungeon)
  6869 | D:6      | Reached skill level 9 in Spellcasting
  6869 | D:6      | Reached XP level 8. HP: 30/54 MP: 6/21
  7776 | D:6      | Killed Eustachio
  7776 | D:6      | Reached skill level 10 in Spellcasting
  8388 | D:7      | Demolished by an orc warrior

Illustrated notes

Levels and vault maps discovered:
D:1:      saegor_arrival_simple_b, layout_loops_ring, lexackson_kobold_supper
D:2:      layout_loops_ring, eino_tiny_chamber, hangedman_glass_teeth
D:3:      layout_loops_ring
D:4:      layout_loops_corners, gammafunk_ghost_necromancy, first_ration,
          fountainhead, solitary_fountain
D:5:      layout_rooms
D:6:      layout_layer_cave, st_stairs_2, uniq_eustachio
D:7:      layout_gridville, minmay_temple_entry_statues_pillars, uniq_menkaure,
          uniq_prince_ribbit1

Skill      XL: |  1  2  3  4  5  6  7  8 |
---------------+-------------------------+-----
Spellcasting   | 3 4 5 6 7 9 10 | 10.0
Fighting       | 1 |  1.0
Dodging        | 2 |  2.0
Stealth        | 2 |  2.0
Necromancy     | 5 6 7 |  7.8

Action                   |  1- 3 |  4- 6 |  7- 9 || total
-------------------------+-------+-------+-------++-------
Melee: Unarmed           |    10 |    28 |    28 ||    66
       Trident           |       |       |    39 ||    39
 Cast: Pain              |    79 |   125 |    62 ||   266
       Animate Skeleton  |    13 |    13 |       ||    26
       Animate Dead      |       |    17 |    11 ||    28
       Vampiric Draining |       |    11 |    16 ||    27
       Agony             |       |     3 |    10 ||    13
  Use: Scroll            |       |     5 |     9 ||    14
 Stab: Distracted        |       |       |     1 ||     1
       Sleeping          |       |       |     1 ||     1
Armor: Robe              |    17 |    27 |    49 ||    93
Dodge: Dodged            |    40 |    74 |   135 ||   249
